 Dungeon Crawl Stone Soup version 0.28-a0-1555-g9ae15a6949 (webtiles) character file.

Game seed: 14183735548586720772

17 a3don the Conjurer (level 2, -1/15 HPs)
             Began as a Deep Elf Conjurer on Jan 19, 2022.
             Slain by Terence (3 damage)
             ... on level 1 of the Dungeon.
             The game lasted 00:01:40 (744 turns).

a3don the Conjurer (Deep Elf Conjurer)               Turns: 744, Time: 00:01:41

Health: -1/15      AC:  3    Str:  4    XL:     2   Next: 44%
Magic:  5/8        EV: 12    Int: 22    God:
Gold:   34         SH:  0    Dex: 13    Spells: 4/7 levels left

rFire   . . .      SeeInvis .   d - +0 dagger
rCold   . . .      Faith    .   (no shield)
rNeg    . . .      Spirit   .   a - +0 robe
rPois   .          Reflect  .   c - +0 helmet
rElec   .          Harm     .   (no cloak)
rCorr   .          Rampage  .   (no gloves)
Will    .....                   (no boots)
Stlth   ++........              (no amulet)
HPRegen 0.05/turn               (no ring)
MPRegen 0.11/turn               (no ring)

@: very slightly contaminated
A: no striking features
a: no special abilities


You were on level 1 of the Dungeon.
You visited 1 branch of the dungeon, and saw 2 of its levels.

You collected 34 gold pieces.

Inventory:

Hand Weapons
 d - a +0 dagger (weapon)
Missiles
 b - 16 stones
Armour
 a - a +0 robe (worn)
 c - a +0 helmet (worn)
Scrolls
 e - a scroll of enchant armour {unknown}
 f - a scroll of identify {unknown}


   Skills:
 + Level 0.3 Fighting
 + Level 2.6 Dodging
 + Level 2.9 Stealth
 * Level 3.4 Spellcasting
 + Level 4.5 Conjurations


You had 4 spell levels left.
You knew the following spells:

 Your Spells              Type           Power      Damage    Failure   Level
a - Magic Dart            Conj           92%        1d7       1%          1
b - Searing Ray           Conj           46%        2d6       2%          2

Your spell library contained the following spells:

 Spells                   Type           Power      Damage    Failure   Level
 Dazzling Flash           Conj/Hex       26%        N/A       14%         3
 Fulminant Prism          Conj/Hex       6%         3d7       43%         4
 Iskenderun's Mystic Bla  Conj/Tloc      13%        2d5       43%         4


Dungeon Overview and Level Annotations

Branches:
Dungeon (2/15)

Altars:

Annotations:
D:1 Terence


Message History

The magic dart hits the frilled lizard!
You kill the frilled lizard!
Found a chain mail.
Done exploring.
Done exploring.
Done exploring.
(D) Dungeon
Where to? (? - help)
There is a stone staircase leading down here.
You climb downwards.
Terence shouts!
Found a bubbling silvery potion and a runed hunting sling.
There is a stone staircase leading up here.
Terence is nearby!
A quokka comes into view.
Casting: Magic Dart (safe; 1% risk of failure)
Confirm with . or Enter, or press ? or * to list all spells.
Aiming: Magic Dart (safe; 1% risk of failure)
Press: ? - help, Shift-Dir - straight line, f - Terence
Aim: Terence, wielding a +0 vorpal flail and wearing a +1 scale mail of fire resistance (100% to hit)
You miscast Magic Dart.
You are very lightly contaminated with residual magic.
Nothing appears to happen.
There is a stone staircase leading up here.
Terence hits you with a +0 vorpal flail.
You climb upwards.
There is a stone staircase leading down here.
Casting: Magic Dart (safe; 1% risk of failure)
Confirm with . or Enter, or press ? or * to list all spells.
Aiming: Searing Ray (safe; 2% risk of failure)
Press: ? - help, Shift-Dir - straight line, f - Terence
Aim: Terence, wielding a +0 vorpal flail and wearing a +1 scale mail of fire resistance (81% to hit)
The searing ray hits Terence!
Terence is moderately wounded. (Press . to maintain the ray.) Terence shouts, "DIE!!!"
Terence hits you with a +0 vorpal flail!
Ouch! That really hurt!
* * * LOW HITPOINT WARNING * * *
You die...

#.# #.>.....#...### #.##
###.##...)#......
########..######......####......
#.......#.....#.....### #......
##................#### #######
..............#..## #..#
##.......###.....### ######.##
#.......#####..@..#####...##.#
#.......##....#@#.....#...##.#
##.......#.....#.#####.#...##.###
.........#.......# ##.#.........
...#####........#####..#..#......
...###...#.....## #...#..##......
.......###.....# ##.###.###......
...............###..###..........
...##.####.........#.....##......
......# #............#.##.......


You could see Terence.

Vanquished Creatures
  2 giant cockroaches (D:1)
  2 hobgoblins (D:1)
  A quokka (D:1)
  2 ball pythons (D:1)
  3 bats (D:1)
  3 frilled lizards (D:1)
  2 kobolds (D:1)
  3 rats (D:1)
18 creatures vanquished.

Notes
Turn   | Place    | Note
-------+----------+-------------------------------------------
     0 | D:1      | a3don the Deep Elf Conjurer began the quest for the Orb.
     0 | D:1      | Reached XP level 1. HP: 10/10 MP: 6/6
   203 | D:1      | Reached XP level 2. HP: 15/15 MP: 5/8
   233 | D:1      | Learned a level 2 spell: Searing Ray
   736 | D:2      | Noticed Terence
   744 | D:1      | Slain by Terence

Illustrated notes

Levels and vault maps discovered:
D:1:      minmay_arrival_widening_spiral_wide, layout_rooms,
          chequers_serial_rivers_micro_d, minmay_tromino_v2
D:2:      layout_rooms, chequers_ecumenical_altar_twisty, kennysheep_crisscross,
          st_stairs_11, uniq_crazy_yiuf_cottage, uniq_terence, uniq_natasha

Action                   || total
-------------------------++-------
Melee: Unarmed           ||     1
 Cast: Magic Dart        ||    25
       Searing Ray       ||     1
Armor: Robe              ||     1
Dodge: Dodged            ||     1

Table legend: (Time is in decaauts)
 A = Elapsed time spent in this place.
 B = Non-inter-level travel time spent in this place.
 C = Inter-level travel time spent in this place.
 D = Time resting spent in this place.
 E = Time spent auto-exploring this place.
 F = Levels seen in this place.
 G = Mean time per level.
                   A        B        C        D        E       F      G
               +--------+--------+--------+--------+--------+-----+--------+
         Total |    743 |    719 |     24 |     31 |    552 |   2 |  371.5 |
       Dungeon |    743 |    719 |     24 |     31 |    552 |   2 |  371.5 |
               +--------+--------+--------+--------+--------+-----+--------+

Top non-repeatable levels by time:
     D:1: 737 daAuts
     D:2: 6 daAuts
